% Time on Ice - LOS ANGELES SEALS
Lines # - Real PCT - Wanted PCT - Time Play
Normal Forward
1 - 35% - 36% - 20:02
2 - 29% - 31% - 16:28
3 - 28% - 26% - 15:43
4 - 8% - 7% - 4:34
Normal Defense
1 - 32% - 33% - 18:22
2 - 35% - 33% - 19:58
3 - 24% - 24% - 13:53
4 - 8% - 10% - 4:34
PP Forward
1 - 47% - 55% - 0:56
2 - 53% - 45% - 1:03
PP Defense
1 - 50% - 55% - 0:59
2 - 50% - 45% - 1:00
PK Forward
1 - 92% - 55% - 1:08
2 - 8% - 45% - 0:06
PK Defense
1 - 58% - 55% - 0:43
2 - 42% - 45% - 0:31
PK3 Forward
1 - 0% - 55%
2 - 0% - 45%
PK3 Defense
1 - 0% - 55%
2 - 0% - 45%
44 Forward
1 - 0% - 55%
2 - 0% - 45%
44 Defense
1 - 0% - 55%
2 - 0% - 45%
Last Minute Offensive  - 0:00
Last Minute Defensive  - 0:00
Total
Forward - 60:00
Defense - 60:00
% Time on Ice - SAN FRANCISCO SPIDERS
Lines # - Real PCT - Wanted PCT - Time Play
Normal Forward
1 - 38% - 40% - 21:25
2 - 32% - 35% - 18:18
3 - 20% - 20% - 11:25
4 - 10% - 5% - 5:39
Normal Defense
1 - 36% - 38% - 20:23
2 - 34% - 37% - 19:10
3 - 25% - 15% - 14:18
4 - 5% - 10% - 2:56
PP Forward
1 - 61% - 55% - 0:45
2 - 39% - 45% - 0:29
PP Defense
1 - 61% - 55% - 0:45
2 - 39% - 45% - 0:29
PK Forward
1 - 66% - 55% - 1:19
2 - 34% - 45% - 0:40
PK Defense
1 - 49% - 55% - 0:58
2 - 51% - 45% - 1:01
PK3 Forward
1 - 0% - 55%
2 - 0% - 45%
PK3 Defense
1 - 0% - 55%
2 - 0% - 45%
44 Forward
1 - 0% - 55%
2 - 0% - 45%
44 Defense
1 - 0% - 55%
2 - 0% - 45%
Last Minute Offensive  - 0:00
Last Minute Defensive  - 0:00
Total
Forward - 60:00
Defense - 60:00
Play-by-Play 1st period 0:01 of 1st period - Bo Horvat wins face-off versus David Krejci in neutral zone. 0:37 of 1st period - Zach Hyman is hit by Brent Burns and loses puck. 0:42 of 1st period - Shot by Brady Tkachuk. 0:42 of 1st period - Shot Misses the Net. 1:04 of 1st period - Shot by Steven Stamkos. 1:04 of 1st period - Stopped by Igor Shesterkin with a rebound. 1:06 of 1st period - Shot by Owen Tippett. 1:06 of 1st period - Goal by Owen Tippett - LOS ANGELES SEALS : 1 - SAN FRANCISCO SPIDERS : 0. 1:07 of 1st period - Sebastian Aho wins face-off versus Mikael Backlund in neutral zone. 1:10 of 1st period - Shot by Sebastian Aho. 1:10 of 1st period - Stopped by Marc-Andre Fleury without a rebound. 1:11 of 1st period - Sebastian Aho wins face-off versus Mikael Backlund in LOS ANGELES SEALS zone. 1:18 of 1st period - Shot by Sebastian Aho. 1:18 of 1st period - Stopped by Marc-Andre Fleury without a rebound. 1:19 of 1st period - Steven Stamkos wins face-off versus Jack Roslovic in LOS ANGELES SEALS zone. 1:53 of 1st period - Icing by Michael Anderson. 1:54 of 1st period - Jack Roslovic wins face-off versus Mikael Backlund in SAN FRANCISCO SPIDERS zone. 1:54 of 1st period - Viktor Arvidsson is hit by Mikael Backlund and loses puck. 1:58 of 1st period - Icing by Brock Faber. 1:59 of 1st period - Mikael Backlund wins face-off versus Jack Roslovic in SAN FRANCISCO SPIDERS zone. 2:24 of 1st period - Shot by Jack Roslovic. 2:24 of 1st period - Stopped by Marc-Andre Fleury without a rebound. 2:25 of 1st period - Sebastian Aho wins face-off versus Mason McTavish in LOS ANGELES SEALS zone. 2:45 of 1st period - Shot by Andrei Svechnikov. 2:45 of 1st period - Stopped by Marc-Andre Fleury without a rebound. 2:46 of 1st period - Dakota Joshua wins face-off versus David Krejci in LOS ANGELES SEALS zone. 3:07 of 1st period - Shot by Claude Giroux. 3:07 of 1st period - Stopped by Igor Shesterkin without a rebound. 3:08 of 1st period - Sebastian Aho wins face-off versus Steven Stamkos in SAN FRANCISCO SPIDERS zone. 3:08 of 1st period - Sebastian Aho is hit by Owen Tippett. 3:29 of 1st period - Icing by Drew Doughty. 3:30 of 1st period - Bo Horvat wins face-off versus Steven Stamkos in LOS ANGELES SEALS zone. 3:30 of 1st period - Brady Tkachuk is hit by Brent Burns and loses puck. 3:47 of 1st period - Shot by Zach Hyman. 3:47 of 1st period - Shot Misses the Net. 3:59 of 1st period - Shot by Zach Hyman. 3:59 of 1st period - Shot Hit the Post. 4:13 of 1st period - Shot by Bo Horvat. 4:13 of 1st period - Stopped by Marc-Andre Fleury without a rebound. 4:14 of 1st period - Mikael Backlund wins face-off versus Sebastian Aho in LOS ANGELES SEALS zone. 4:43 of 1st period - Icing by Sebastian Aho. 4:44 of 1st period - David Krejci wins face-off versus Sebastian Aho in SAN FRANCISCO SPIDERS zone. 4:44 of 1st period - David Krejci is hit by Erik Gudbranson. 4:46 of 1st period - Shot by Nikita Kucherov. 4:46 of 1st period - Shot Misses the Net. 4:55 of 1st period - Jared McCann is hit by Gustav Forsling and loses puck. 4:59 of 1st period - Icing by Gustav Forsling. 5:00 of 1st period - David Krejci wins face-off versus Bo Horvat in LOS ANGELES SEALS zone. 5:00 of 1st period - David Krejci is hit by Brady Tkachuk. 5:13 of 1st period - Icing by Zach Hyman. 5:14 of 1st period - Mikael Backlund wins face-off versus Bo Horvat in SAN FRANCISCO SPIDERS zone. 5:15 of 1st period - Shot by Noah Cates. 5:15 of 1st period - Deflect By Matthew Boldy. 5:15 of 1st period - Shot Misses the Net. 5:33 of 1st period - Shot by Mikael Backlund. 5:33 of 1st period - Stopped by Igor Shesterkin without a rebound. 5:34 of 1st period - Sebastian Aho wins face-off versus David Krejci in SAN FRANCISCO SPIDERS zone. 6:23 of 1st period - Shot by David Krejci. 6:23 of 1st period - Deflect By Nikita Kucherov. 6:23 of 1st period - Stopped by Igor Shesterkin without a rebound. 6:24 of 1st period - Jack Roslovic wins face-off versus Mikael Backlund in SAN FRANCISCO SPIDERS zone. 7:12 of 1st period - Shot by Brent Burns. 7:12 of 1st period - Shot Misses the Net. 7:39 of 1st period - Off-side. 7:40 of 1st period - Mason McTavish wins face-off versus Bo Horvat in neutral zone. 8:02 of 1st period - Shot by Mason McTavish. 8:02 of 1st period - Shot Misses the Net. 8:14 of 1st period - Shot by Zach Hyman. 8:14 of 1st period - Shot Misses the Net. 8:24 of 1st period - Shot by Zach Hyman. 8:24 of 1st period - Shot Misses the Net. 8:26 of 1st period - Shot by Bo Horvat. 8:26 of 1st period - Stopped by Marc-Andre Fleury without a rebound. 8:27 of 1st period - David Krejci wins face-off versus Sebastian Aho in LOS ANGELES SEALS zone. 9:43 of 1st period - Shot by Eeli Tolvanen. 9:43 of 1st period - Deflect By Sam Lafferty. 9:43 of 1st period - Stopped by Marc-Andre Fleury without a rebound. 9:44 of 1st period - Steven Stamkos wins face-off versus Bo Horvat in LOS ANGELES SEALS zone. 11:25 of 1st period - Icing by Noah Dobson. 11:26 of 1st period - Jack Roslovic wins face-off versus Mikael Backlund in LOS ANGELES SEALS zone. 11:31 of 1st period - Shot by Kyle Palmieri. 11:31 of 1st period - Shot Misses the Net. 11:48 of 1st period - Icing by Noah Cates. 11:49 of 1st period - Dakota Joshua wins face-off versus Mikael Backlund in LOS ANGELES SEALS zone. 13:11 of 1st period - Icing by Darnell Nurse. 13:12 of 1st period - Bo Horvat wins face-off versus David Krejci in SAN FRANCISCO SPIDERS zone. 13:28 of 1st period - Brenden Dillon is hit by David Krejci and loses puck. 13:41 of 1st period - Shot by Nikita Kucherov. 13:41 of 1st period - Stopped by Igor Shesterkin without a rebound. 13:42 of 1st period - Mason McTavish wins face-off versus Sebastian Aho in SAN FRANCISCO SPIDERS zone. 14:17 of 1st period - Shot by Jared McCann. 14:17 of 1st period - Stopped by Marc-Andre Fleury with a rebound. 14:38 of 1st period - Icing by Andrei Svechnikov. 14:39 of 1st period - David Krejci wins face-off versus Sebastian Aho in SAN FRANCISCO SPIDERS zone. 14:46 of 1st period - Shot by Nikita Kucherov. 14:46 of 1st period - Stopped by Igor Shesterkin with a rebound. 14:48 of 1st period - Shot by Claude Giroux. 14:48 of 1st period - Stopped by Igor Shesterkin without a rebound. 14:49 of 1st period - Bo Horvat wins face-off versus Claude Giroux in SAN FRANCISCO SPIDERS zone. 15:01 of 1st period - Shot by David Krejci. 15:01 of 1st period - Stopped by Igor Shesterkin without a rebound. 15:02 of 1st period - Steven Stamkos wins face-off versus Jack Roslovic in SAN FRANCISCO SPIDERS zone. 15:02 of 1st period - Owen Tippett is hit by Darnell Nurse and loses puck. 15:19 of 1st period - Darnell Nurse is hit by Owen Tippett and loses puck. 15:40 of 1st period - Shot by Ondrej Palat. 15:40 of 1st period - Stopped by Igor Shesterkin without a rebound. 15:41 of 1st period - David Krejci wins face-off versus Bo Horvat in SAN FRANCISCO SPIDERS zone. 16:02 of 1st period - Shot by Zach Hyman. 16:02 of 1st period - Stopped by Marc-Andre Fleury with a rebound. 16:06 of 1st period - Shot by Zach Hyman. 16:06 of 1st period - Shot Blocked by Drew Doughty. 16:08 of 1st period - Shot by Michael Anderson. 16:08 of 1st period - Stopped by Marc-Andre Fleury without a rebound. 16:09 of 1st period - Mikael Backlund wins face-off versus Sebastian Aho in LOS ANGELES SEALS zone. 16:14 of 1st period - Shot by Noah Cates. 16:14 of 1st period - Deflect By Mikael Backlund. 16:14 of 1st period - Stopped by Igor Shesterkin without a rebound. 16:15 of 1st period - Sebastian Aho wins face-off versus Mikael Backlund in SAN FRANCISCO SPIDERS zone. 16:25 of 1st period - Icing by Alex Goligoski. 16:26 of 1st period - Bo Horvat wins face-off versus Mikael Backlund in LOS ANGELES SEALS zone. 17:08 of 1st period - Shot by Brady Tkachuk. 17:08 of 1st period - Goal by Brady Tkachuk - LOS ANGELES SEALS : 1 - SAN FRANCISCO SPIDERS : 1. 17:09 of 1st period - David Krejci wins face-off versus Sebastian Aho in neutral zone. 17:32 of 1st period - Shot by Jared McCann. 17:32 of 1st period - Stopped by Marc-Andre Fleury without a rebound. 17:33 of 1st period - Steven Stamkos wins face-off versus Jack Roslovic in LOS ANGELES SEALS zone. 19:08 of 1st period - Shot by Brady Tkachuk. 19:08 of 1st period - Shot Blocked by Brent Burns. Goals for this period are 1 for LOS ANGELES SEALS vs 1 for SAN FRANCISCO SPIDERS. Shots for this period are 11 for LOS ANGELES SEALS vs 12 for SAN FRANCISCO SPIDERS. 2nd period 0:01 of 2nd period - Sebastian Aho wins face-off versus David Krejci in neutral zone. 0:08 of 2nd period - Shot by Sebastian Aho. 0:08 of 2nd period - Shot Misses the Net. 0:10 of 2nd period - Shot by Michael Anderson. 0:10 of 2nd period - Goal by Michael Anderson - LOS ANGELES SEALS : 1 - SAN FRANCISCO SPIDERS : 2. 0:11 of 2nd period - Mikael Backlund wins f